 Dungeon Sprint DCSS version 0.17-a0-1748-g222fba8 (console) character file.

43262 hexophile the Warrior (level 13, -11/122 HPs)
             Began as a Minotaur Fighter on Sept 1, 2015.
             Was the Champion of Makhleb.
             Mangled by a vampire knight
             ... wielding a +0 battleaxe
              (19 damage)
             ... in the Dungeon (Sprint IX: "|||||||||||||||||||||||||||||").
             The game lasted 00:21:27 (3553 turns).

hexophile the Warrior (Minotaur Fighter)            Turns: 3553, Time: 00:21:27

Health: -11/122    AC: 21    Str: 29    XL:     13   Next: 89%
Magic:  29/29      EV: 21    Int: 12    God:    Makhleb [******]
Gold:   708        SH: 16    Dex: 21    Spells: 0 memorised, 12 levels left

rFire  . . .     SeeInvis +     y - +8 hand axe {elec, MP+9 Str+4 Dex+3}
rCold  . . .     Clarity  .     D - +1 shadow dragon armour "Sorgh" {+Inv MR+ Int+7 Stlth++++}
rNeg   . . .     SustAt   .     s - +0 shield {reflect}
rPois  .         Gourm    .     C - +1 hat
rElec  +         Spirit   .     H - +1 cloak
rCorr  .         Warding  .     n - +0 pair of gloves
rMut   .         NoTele   +     m - +0 pair of boots
MR     ++...                    (no amulet)
Stlth  +++.......               A - ring of protection from magic
                                J - ring of see invisible

@: mighty, flayed, corroded equipment, very resistant to hostile enchantments,
fairly stealthy
A: retaliatory headbutt, horns 2, agile 1, frail 1, electricity resistance
a: Minor Destruction, Lesser Servant of Makhleb, Major Destruction, Greater
Servant of Makhleb, Renounce Religion, Evoke Invisibility


You were in the Dungeon.
You worshipped Makhleb.
Makhleb was exalted by your worship.
You were not hungry.

You visited 1 branch You collected 1946 gold pieces.
You spent 1238 gold pieces at shops.

Inventory:

Hand weapons
 l - a +2 morningstar of crushing
 y - the +8 hand axe "Starlight" (weapon) {elec, MP+9 Str+4 Dex+3}
   (You bought it in a shop in the Dungeon)

   Occasionally, upon striking a foe, it will discharge some electrical energy
   and cause terrible harm.
   It affects your strength (+4).
   It affects your dexterity (+3).
   It affects your magic capacity (+9).
Armour
 m - a +0 pair of boots (worn)
 n - a +0 pair of gloves (worn)
 s - a +0 shield of reflection (worn)
 C - a +1 hat (worn)
 D - the +1 shadow dragon armour "Sorgh" (worn) {+Inv MR+ Int+7 Stlth++++}
   (You found it in the Dungeon)

   It affects your intelligence (+7).
   It affects your resistance to hostile enchantments.
   It lets you turn invisible.
   It makes you much more stealthy.
 F - a +1 fire dragon armour
 H - a +1 cloak (worn)
 I - a +4 plate armour of positive energy
Jewellery
 t - a +3 ring of intelligence
 u - a +3 ring of dexterity
 z - an uncursed ring of fire
 A - a ring of protection from magic (right hand)
 B - an uncursed ring of ice
 J - a ring of see invisible (left hand)
Magical devices
 k - a wand of draining (0)
 x - a wand of heal wounds (3)
Scrolls
 a - a scroll of fear
 b - 2 scrolls of enchant weapon
 o - 4 scrolls of remove curse
 p - 2 scrolls of amnesia
 q - 2 scrolls of blinking
 v - 6 scrolls of enchant armour
 G - a scroll of recharging
Potions
 d - 2 potions of might
 f - 6 potions of curing
 i - 4 potions of magic
 r - a potion of invisibility
 E - a potion of agility
Comestibles
 h - 29 fruits
 j - 12 bread rations
 w - 12 meat rations


   Skills:
 * Level 18.9 Fighting
 * Level 18.7(21.3) Axes
 * Level 18.2(21.1) Maces & Flails
 * Level 16.3 Armour
 * Level 14.9 Dodging
 * Level 16.5 Shields
 - Level 11.3 Invocations


You had 12 spell levels left.
You didn't know any spells.

Dungeon Overview and Level Annotations

Branches:
Dungeon (1/1)

Altars:
Cheibriados
Dithmenos
Elyvilon
Fedhas
Gozag
Kikubaaqudgha
Makhleb
Nemelex Xobeh
Okawaru
Qazlal
Ru
Sif Muna
Trog
Vehumet
Xom
Yredelemnul
Zin
The Shining One
Beogh
Jiyva
Lugonu

Shops:
D }((?


Innate Abilities, Weirdness & Mutations

You reflexively headbutt those who attack you in melee.
You have a pair of horns on your head.
You are agile. (Dex +2)
You are frail (-10% HP).
You are resistant to electric shocks.


Message History

The spriggan air mage waves its arms in wide circles.
The air twists around and strikes you!
* * * LOW HITPOINT WARNING * * *
Unknown command.
Unknown command.
Drink which item? (? for menu, Esc to quit)
You feel very mighty all of a sudden.
The brown ugly thing basks in the mutagenic energy from its kin and changes!
You block the brown very ugly thing's attack.
The vampire knight casts a spell.
The vampire knight seems to speed up.
A lindwurm comes into view.
Unknown command.
You slash the brown very ugly thing! You headbutt the brown very ugly thing.
The brown very ugly thing is almost dead.
You hit the vampire knight but do no damage.
There is a sudden explosion of sparks!
The vampire knight is lightly damaged.
The vampire knight hits you with a battleaxe!!
You die...

▓▓▓▓▓▓▓▓▓▓▓▓▓▓▓▓▓▓▓▓▓▓▓▓
.........(.....V@uuWiCCk
▓▓▓▓▓▓▓▓▓▓▓▓▓▓▓▓▓▓▓▓▓▓▓▓▓▓▓▓▓▓▓▓▓
...........................[.....
▓▓▓▓▓▓▓▓▓▓▓▓▓▓▓▓▓▓▓▓▓▓▓▓▓▓▓▓▓▓▓▓▓
.............††..(..†(.()))())..)
▓▓▓▓▓▓▓▓▓▓▓▓▓▓▓▓▓▓▓▓▓▓▓▓▓▓▓▓▓▓▓▓▓
.................................
▓▓▓▓▓▓▓▓▓▓▓▓▓▓▓▓▓▓▓▓▓▓▓▓▓▓▓▓▓▓▓▓▓
.......'..[..)))))))).[.[....[...


You could see a brown very ugly thing, 2 stone giants, a vampire knight, a red
ugly thing, a flayed ghost, a lindwurm and a spriggan air mage.

Vanquished Creatures
  Donald (D)
  2 stone giants (D)
  A dire elephant (D)
  A merfolk javelineer (D)
  An ettin (D)
  Josephine (D)
  A merfolk impaler (D)
  4 hydras (D)
  An entropy weaver (D)
  An ice dragon (D)
  A merfolk avatar (D)
  Erica (D)
  An alligator snapping turtle (D)
  2 centaur warriors (D)
  An anaconda (D)
  A satyr (D)
  A tengu warrior (D)
  2 orc high priests (D)
  Urug (D)
  2 naga sharpshooters (D)
  A swamp dragon (D)
  A wizard (D)
  A spriggan druid (D)
  A naga ritualist (D)
  8 orc knights (D)
  3 griffons (D)
  3 wolf spiders (D)
  2 manticores (D)
  An ugly thing (D)
  2 black mambas (D)
  A siren (D)
  7 elephants (D)
  A guardian serpent (D)
  Psyche (D)
  3 naga magi (D)
  9 spiny frogs (D)
  A yaktaur (D)
  A fire drake (D)
  2 komodo dragons (D)
  A merfolk (D)
  2 trolls (D)
  A jumping spider (D)
  2 bog bodies (D)
  A blink frog (D)
  A slime creature (D)
  A boulder beetle (D)
  A shadow (D)
  A trapdoor spider (D)
  A redback (D)
  Eustachio (D)
  3 wraiths (D)
  A vampire mosquito (D)
  A hippogriff (D)
  A spider (D)
  A water moccasin (D)
  12 orc warriors (D)
  A sky beast (D)
  A wasp (D)
  2 ice beasts (D)
  A crocodile (D)
  A giant frog (D)
  A brain worm (shapeshifter) (D)
  3 wights (D)
  A crimson imp (D)
  6 orc priests (D)
  2 orc wizards (D)
  2 worker ants (D)
  An adder (D)
  A shadow imp (D)
  An ooze (D)
  An adder skeleton (D)
  6 orcs (D)
  2 bats (D)
  A bat skeleton (D)
  A bat zombie (D)
  A hobgoblin (D)
  A quokka skeleton (D)
  A rat (D)
146 creatures vanquished.

Vanquished Creatures (collateral kills)
  4 orc high priests (D)
  An orc knight (D)
5 creatures vanquished.

Grand Total: 151 creatures vanquished

Notes
Turn   | Place    | Note
--------------------------------------------------------------
     0 | D        | hexophile the Minotaur Fighter began the quest for the Orb.
     0 | D        | Reached XP level 1. HP: 19/19 MP: 0/0
     8 | D        | Reached skill level 4 in Maces & Flails
    12 | D        | Reached skill level 5 in Maces & Flails
    12 | D        | Reached XP level 2. HP: 20/26 MP: 1/1
    84 | D        | Noticed a crimson imp
    84 | D        | Noticed a worker ant
    87 | D        | Found a glowing silver altar of Zin.
    87 | D        | Found a glowing golden altar of the Shining One.
    87 | D        | Found an ancient bone altar of Kikubaaqudgha.
    87 | D        | Found a basalt altar of Yredelemnul.
    87 | D        | Found a shimmering altar of Xom.
    87 | D        | Found a radiant altar of Vehumet.
    88 | D        | Found an iron altar of Okawaru.
    89 | D        | Found a burning altar of Makhleb.
    90 | D        | Found a deep blue altar of Sif Muna.
    91 | D        | Found a bloodstained altar of Trog.
    92 | D        | Found a sparkling altar of Nemelex Xobeh.
    93 | D        | Found a white marble altar of Elyvilon.
    94 | D        | Found a roughly hewn altar of Beogh.
    95 | D        | Found a viscous altar of Jiyva.
    96 | D        | Found a corrupted altar of Lugonu.
    97 | D        | Became a worshipper of Makhleb the Destroyer
    98 | D        | Found a blossoming altar of Fedhas.
    99 | D        | Found a snail-covered altar of Cheibriados.
   100 | D        | Found a shadowy altar of Dithmenos.
   101 | D        | Found a stormy altar of Qazlal.
   102 | D        | Found an opulent altar of Gozag.
   103 | D        | Found a sacrificial altar of Ru.
   124 | D        | Killed a worker ant
   124 | D        | Acquired Makhleb's first power
   124 | D        | Reached skill level 8 in Maces & Flails
   124 | D        | Reached XP level 3. HP: 15/31 MP: 2/2
   148 | D        | Killed a crimson imp
   148 | D        | Acquired Makhleb's second power
   148 | D        | Reached skill level 10 in Maces & Flails
   148 | D        | Reached XP level 4. HP: 17/39 MP: 3/3
   363 | D        | Noticed a sky beast
   363 | D        | Noticed a wight
   363 | D        | Noticed a worker ant
   363 | D        | Noticed an ice beast
   363 | D        | Noticed a wight
   363 | D        | Noticed a wight
   365 | D        | Killed a sky beast
   365 | D        | Reached skill level 5 in Armour
   365 | D        | Reached skill level 5 in Shields
   365 | D        | Reached XP level 5. HP: 45/45 MP: 4/4
   366 | D        | Killed a wight
   366 | D        | Reached skill level 11 in Maces & Flails
   374 | D        | Killed a worker ant
   375 | D        | Killed an ice beast
   375 | D        | Acquired Makhleb's third power
   375 | D        | Reached skill level 5 in Dodging
   375 | D        | Reached XP level 6. HP: 51/51 MP: 5/5
   380 | D        | Killed a wight
   385 | D        | Killed a wight
   385 | D        | Reached skill level 12 in Maces & Flails
   394 | D        | Gained mutation: Scrolls take you a little longer to read. [mutagenic meat]
   395 | D        | Gained mutation: Your muscles are strong. (Str +2) [mutagenic meat]
   402 | D        | Noticed a centaur warrior
   402 | D        | Noticed a hippogriff
   402 | D        | Noticed an orc warrior
   404 | D        | Acquired Makhleb's fourth power
   405 | D        | Killed a hippogriff
   405 | D        | Reached XP level 7. HP: 31/57 MP: 6/6
   408 | D        | Killed a centaur warrior
   408 | D        | Reached skill level 13 in Maces & Flails
   408 | D        | Reached skill level 10 in Armour
   408 | D        | Reached skill level 10 in Shields
   408 | D        | Reached XP level 8. HP: 53/64 MP: 7/7
   409 | D        | Killed an orc warrior
   409 | D        | Acquired Makhleb's fifth power
   542 | D        | Noticed a komodo dragon
   542 | D        | Noticed a fire drake
   542 | D        | Noticed a spiny frog
   542 | D        | Noticed a komodo dragon
   542 | D        | Noticed a crocodile
   542 | D        | Noticed a spiny frog
   545 | D        | Noticed a spiny frog
   548 | D        | Killed a komodo dragon
   549 | D        | Noticed a water moccasin
   550 | D        | Noticed a five-headed hydra
   555 | D        | Killed a fire drake
   555 | D        | Reached skill level 14 in Maces & Flails
   560 | D        | Killed a spiny frog
   560 | D        | Reached skill level 10 in Dodging
   560 | D        | Reached XP level 9. HP: 67/70 MP: 8/8
   570 | D        | Killed a five-headed hydra
   573 | D        | Killed a komodo dragon
   573 | D        | Reached skill level 15 in Maces & Flails
   576 | D        | Killed a crocodile
   580 | D        | Killed a spiny frog
   585 | D        | Killed a spiny frog
   591 | D        | Killed a water moccasin
   635 | D        | Noticed a blink frog
   635 | D        | Noticed a black mamba
   635 | D        | Noticed a giant frog
   635 | D        | Noticed a spiny frog
   635 | D        | Noticed a griffon
   635 | D        | Noticed a spiny frog
   640 | D        | Noticed a spiny frog
   642 | D        | Killed a black mamba
   642 | D        | Reached XP level 10. HP: 77/80 MP: 8/10
   644 | D        | Killed a spiny frog
   644 | D        | Reached skill level 5 in Fighting
   645 | D        | Noticed a griffon
   645 | D        | Noticed a spiny frog
   649 | D        | Killed a griffon
   651 | D        | Killed a spiny frog
   652 | D        | Killed a spiny frog
   657 | D        | Killed a griffon
   657 | D        | Reached skill level 16 in Maces & Flails
   657 | D        | Reached skill level 5 in Invocations
   659 | D        | Killed a spiny frog
   661 | D        | Killed a giant frog
   679 | D        | Killed a blink frog
   859 | D        | Noticed an elephant
   859 | D        | Noticed an elephant
   859 | D        | Noticed an elephant
   859 | D        | Noticed an elephant
   859 | D        | Noticed an elephant
   859 | D        | Noticed a dire elephant
   863 | D        | Killed an elephant
   867 | D        | Killed an elephant
   890 | D        | Killed a dire elephant
   892 | D        | Noticed an elephant
   896 | D        | Killed an elephant
   896 | D        | Reached XP level 11. HP: 86/97 MP: 13/15
   902 | D        | Killed an elephant
   911 | D        | Killed an elephant
   917 | D        | Killed an elephant
   917 | D        | Reached skill level 10 in Fighting
   919 | D        | Noticed an elephant
   928 | D        | Killed an elephant
   996 | D        | Noticed Psyche
  1008 | D        | Killed Psyche
  1025 | D        | Noticed a wraith
  1027 | D        | Noticed a wraith
  1035 | D        | Killed a wraith
  1040 | D        | Killed a wraith
  1041 | D        | Noticed Josephine
  1042 | D        | Noticed a wraith
  1055 | D        | Killed Josephine
  1060 | D        | Killed a wraith
  1095 | D        | Noticed an orc warrior
  1095 | D        | Noticed an orc priest
  1095 | D        | Noticed an orc wizard
  1095 | D        | Noticed an orc priest
  1095 | D        | Noticed an orc priest
  1097 | D        | Noticed an orc warrior
  1098 | D        | Killed an orc warrior
  1102 | D        | Killed an orc priest
  1103 | D        | Noticed an orc priest
  1104 | D        | Killed an orc wizard
  1109 | D        | Killed an orc warrior
  1110 | D        | Noticed an orc wizard
  1112 | D        | Killed an orc priest
  1113 | D        | Noticed an orc priest
  1114 | D        | Killed an orc priest
  1116 | D        | Killed an orc priest
  1125 | D        | Killed an orc wizard
  1131 | D        | Killed an orc priest
  1391 | D        | Noticed an orc warrior
  1391 | D        | Noticed an orc warrior
  1391 | D        | Noticed an orc priest
  1391 | D        | Noticed an orc warrior
  1391 | D        | Noticed an orc warrior
  1391 | D        | Noticed an orc warrior
  1396 | D        | Killed an orc warrior
  1397 | D        | Noticed an orc knight
  1399 | D        | Killed an orc warrior
  1400 | D        | Noticed an orc knight
  1402 | D        | Killed an orc warrior
  1406 | D        | Noticed an orc warrior
  1407 | D        | Killed an orc warrior
  1408 | D        | Noticed an orc warrior
  1411 | D        | Noticed an orc warrior
  1417 | D        | Killed an orc knight
  1417 | D        | Reached skill level 17 in Maces & Flails
  1423 | D        | Noticed an orc warrior
  1428 | D        | Killed an orc knight
  1428 | D        | Reached skill level 15 in Shields
  1431 | D        | Killed an orc warrior
  1438 | D        | Killed an orc warrior
  1443 | D        | Killed an orc warrior
  1448 | D        | Killed an orc warrior
  1451 | D        | Killed an orc warrior
  1452 | D        | Killed an orc priest
  1536 | D        | Found Vin Ock's Gadget Emporium.
  1536 | D        | Noticed an orc knight
  1536 | D        | Noticed an orc knight
  1536 | D        | Noticed an orc high priest
  1536 | D        | Noticed an orc knight
  1536 | D        | Noticed an orc knight
  1538 | D        | Noticed an orc knight
  1540 | D        | Killed an orc knight
  1540 | D        | Reached skill level 10 in Invocations
  1544 | D        | Killed an orc knight
  1544 | D        | Reached skill level 15 in Armour
  1547 | D        | Noticed a soul eater
  1565 | D        | Killed an orc high priest
  1575 | D        | Killed an orc knight
  1579 | D        | Killed an orc knight
  1588 | D        | Killed an orc knight
  1693 | D        | Found Ryst's Weapon Shoppe.
  1695 | D        | Noticed an orc high priest
  1696 | D        | Found Ydeddez's Weapon Emporium.
  1697 | D        | Noticed an orc high priest
  1698 | D        | Found Kelalad's Magic Scroll Shoppe.
  1698 | D        | Noticed an orc high priest
  1699 | D        | Noticed an orc knight
  1701 | D        | Noticed a soul eater
  1703 | D        | Killed an orc high priest
  1703 | D        | Reached XP level 12. HP: 50/115 MP: 17/19
  1704 | D        | Noticed an orc high priest
  1705 | D        | Noticed a green death
  1716 | D        | Killed a green death
  1725 | D        | Killed an orc high priest
  1729 | D        | Killed an orc high priest
  1730 | D        | Killed an orc knight
  1732 | D        | Killed an orc high priest
  1976 | D        | Noticed an orc high priest
  1983 | D        | Killed an orc high priest
  2025 | D        | Noticed an orc knight
  2033 | D        | Killed an orc knight
  2130 | D        | Bought a wand of heal wounds (3) for 546 gold pieces
  2132 | D        | Bought the +8 hand axe "Starlight" {elec, MP+9 Str+4 Dex+3} for 692 gold pieces
  2175 | D        | Noticed Erica
  2185 | D        | Killed Erica
  2265 | D        | Got the +1 shadow dragon armour "Sorgh" {+Inv MR+ Int+7 Stlth++++}
  2294 | D        | Lost mutation: Your muscles are strong. (Str +2) [potion of cure mutation]
  2294 | D        | Lost mutation: Scrolls take you a little longer to read. [potion of cure mutation]
  2404 | D        | Noticed a troll
  2404 | D        | Noticed a troll
  2404 | D        | Noticed a slime creature
  2404 | D        | Noticed an ice beast
  2404 | D        | Noticed a tengu warrior
  2407 | D        | Killed a troll
  2410 | D        | Killed a troll
  2410 | D        | Reached skill level 5 in Axes
  2412 | D        | Noticed a wizard
  2414 | D        | Killed a slime creature
  2419 | D        | Killed an ice beast
  2426 | D        | Killed a tengu warrior
  2431 | D        | Killed a wizard
  2434 | D        | Noticed a stone giant
  2435 | D        | Noticed an ettin
  2439 | D        | Noticed an ice dragon
  2440 | D        | Noticed a centaur warrior
  2446 | D        | Killed a stone giant
  2447 | D        | Noticed a red ugly thing
  2449 | D        | Killed an ettin
  2449 | D        | Reached skill level 15 in Fighting
  2449 | D        | Reached skill level 10 in Axes
  2450 | D        | Noticed a yaktaur
  2457 | D        | Killed an ice dragon
  2463 | D        | Killed a centaur warrior
  2473 | D        | Killed a red ugly thing
  2476 | D        | Killed a yaktaur
  2487 | D        | Gained mutation: You are surrounded by a mild repulsion field (EV +2). [mutagenic meat]
  2489 | D        | Gained mutation: You are agile. (Dex +2) [mutagenic meat]
  2539 | D        | Noticed Eustachio
  2549 | D        | Killed Eustachio
  2626 | D        | Noticed an entropy weaver
  2626 | D        | Noticed a redback
  2626 | D        | Noticed a jumping spider
  2626 | D        | Noticed a wolf spider
  2626 | D        | Noticed a wolf spider
  2626 | D        | Noticed a trapdoor spider
  2629 | D        | Noticed a spider
  2633 | D        | Killed a jumping spider
  2638 | D        | Killed an entropy weaver
  2640 | D        | Noticed a wolf spider
  2641 | D        | Killed a redback
  2646 | D        | Killed a wolf spider
  2651 | D        | Killed a wolf spider
  2656 | D        | Killed a spider
  2658 | D        | Killed a wolf spider
  2658 | D        | Reached XP level 13. HP: 128/130 MP: 20/20
  2660 | D        | Noticed a boulder beetle
  2668 | D        | Killed a trapdoor spider
  2674 | D        | Killed a boulder beetle
  2678 | D        | Noticed a satyr
  2678 | D        | Noticed a merfolk impaler
  2678 | D        | Noticed a merfolk
  2678 | D        | Noticed a manticore
  2678 | D        | Noticed a merfolk javelineer
  2678 | D        | Noticed a siren
  2679 | D        | Noticed a merfolk avatar
  2683 | D        | Killed a satyr
  2684 | D        | Noticed an alligator snapping turtle
  2685 | D        | Noticed a manticore
  2689 | D        | Killed a merfolk impaler
  2694 | D        | Killed a merfolk
  2697 | D        | Killed a siren
  2697 | D        | Reached skill level 15 in Axes
  2698 | D        | Killed a manticore
  2708 | D        | Killed a merfolk javelineer
  2723 | D        | Killed a merfolk avatar
  2741 | D        | Killed an alligator snapping turtle
  2744 | D        | Killed a manticore
  2845 | D        | Noticed a naga mage
  2845 | D        | Noticed a naga ritualist
  2845 | D        | Noticed a black mamba
  2845 | D        | Noticed a naga sharpshooter
  2845 | D        | Noticed a guardian serpent
  2845 | D        | Noticed a naga mage
  2846 | D        | Noticed a naga sharpshooter
  2849 | D        | Noticed a naga mage
  2850 | D        | Killed a naga sharpshooter
  2853 | D        | Killed a naga ritualist
  2854 | D        | Noticed an anaconda
  2861 | D        | Killed a naga mage
  2863 | D        | Killed an anaconda
  2864 | D        | Killed a black mamba
  2871 | D        | Killed a naga sharpshooter
  2871 | D        | Reached skill level 18 in Fighting
  2878 | D        | Killed a guardian serpent
  2881 | D        | Killed a naga mage
  2883 | D        | Killed a naga mage
  2920 | D        | Noticed a shadow
  2920 | D        | Noticed a vampire mosquito
  2920 | D        | Noticed a spiny frog
  2920 | D        | Noticed a bog body
  2920 | D        | Noticed an eight-headed hydra
  2920 | D        | Noticed a spriggan druid
  2921 | D        | Noticed a wasp
  2922 | D        | Killed a shadow
  2926 | D        | Killed a vampire mosquito
  2928 | D        | Killed a spiny frog
  2929 | D        | Noticed a bog body
  2931 | D        | Killed an eight-headed hydra
  2933 | D        | Noticed a spiny frog
  2933 | D        | Killed a bog body
  2934 | D        | Noticed a griffon
  2940 | D        | Killed a spriggan druid
  2945 | D        | Killed a wasp
  2950 | D        | Killed a bog body
  2953 | D        | Killed a spiny frog
  2959 | D        | Killed a griffon
  3024 | D        | Noticed a swamp dragon
  3035 | D        | Killed a swamp dragon
  3054 | D        | Noticed Urug
  3125 | D        | Noticed a seven-headed hydra
  3176 | D        | Killed Urug
  3260 | D        | Killed a seven-headed hydra
  3417 | D        | Noticed a swamp dragon
  3423 | D        | Noticed a six-headed hydra
  3434 | D        | Killed a six-headed hydra
  3452 | D        | Noticed Donald
  3467 | D        | Killed Donald
  3530 | D        | Noticed a stone giant
  3530 | D        | Noticed a brown very ugly thing
  3530 | D        | Noticed a brown ugly thing
  3530 | D        | Noticed a flayed ghost
  3530 | D        | Noticed a vampire knight
  3530 | D        | Noticed a spriggan air mage
  3531 | D        | Noticed a stone giant
  3542 | D        | Killed a stone giant
  3543 | D        | Noticed an anaconda
  3543 | D        | an anaconda changed into a giant orange brain
  3548 | D        | Noticed a stone giant
  3551 | D        | Gained mutation: You are frail (-10% HP). [potion of mutation]
  3551 | D        | Gained mutation: You are resistant to electric shocks. [potion of mutation]
  3551 | D        | Lost mutation: You are surrounded by a mild repulsion field (EV +2). [potion of mutation]
  3551 | D        | HP: 7/122 [spriggan air mage/the air (23)]
  3553 | D        | Mangled by a vampire knight

Vault maps used:
D:        linesprint

Action                   |  1- 3 |  4- 6 |  7- 9 | 10-12 | 13-15 || total
-------------------------+-------+-------+-------+-------+-------++-------
Melee: Flail             |     9 |       |       |       |       ||     9
       Morningstar       |    22 |    18 |    53 |   248 |    26 ||   367
       Hand axe          |       |       |       |    96 |   162 ||   258
Invok: Major Destruction |       |       |       |     7 |     3 ||    10
       Greater Servant o |       |       |       |     3 |       ||     3
Evoke: Wand              |       |     4 |     3 |       |       ||     7
  Use: Scroll            |     1 |       |       |     1 |       ||     2
       Potion            |       |       |     3 |     8 |     6 ||    17
 Stab: Sleeping          |       |       |       |       |     1 ||     1
  Eat: Chunk             |       |     3 |       |     3 |       ||     6
       Bread ration      |       |       |       |     1 |       ||     1
       Fruit             |       |       |       |    11 |       ||    11
